 Dungeon Crawl Stone Soup version 0.17.0-9-g801d43b (console) character file.

459 Kloppie the Skirmisher (level 6, -1/55 HPs)
             Began as a Centaur Hunter on Nov 10, 2015.
             Killed from afar by Dowan (14 damage)
             ... with a shard of ice
             ... on level 4 of the Dungeon.
             The game lasted 00:10:31 (3735 turns).

Kloppie the Skirmisher (Centaur Hunter)             Turns: 3735, Time: 00:10:31

Health: -1/55      AC:  9    Str: 16    XL:     6   Next: 78%
Magic:  6/6        EV:  8    Int: 10    God:
Gold:   205        SH:  0    Dex: 10    Spells: 0 memorised, 5 levels left

rFire  . . .     SeeInvis +     b - +0 quarterstaff
rCold  . . .     Clarity  .     o - +0 scale mail
rNeg   . . .     SustAt   .     (shield currently unavailable)
rPois  .         Gourm    .     d - +2 helmet
rElec  .         Spirit   .     (no cloak)
rCorr  .         Warding  .     (no gloves)
rMut   .         Stasis   .     (no barding)
MR     .....                    w - amulet of faith
Stlth  ..........               (no ring)
                                v - ring of see invisible

@: very quick, not resistant to hostile enchantments, extremely unstealthy
A: hooves 3, deformed body, speed 2, tough skin 3
a: no special abilities


You were on level 4 of the Dungeon.
You were not hungry.

You visited 1 branch of the dungeon, and saw 4 of its levels.

You collected 205 gold pieces.

Inventory:

Hand Weapons
 a - a +1 hand crossbow
 b - a +0 quarterstaff (weapon)
Missiles
 c - 19 bolts
Armour
 d - a +2 helmet (worn)
 o - a +0 scale mail (worn)
Rods
 p - a -1 rod of shadows (12/12)
   (You found it on level 2 of the Dungeon)
Jewellery
 v - a ring of see invisible (left hand)
 w - an amulet of faith (around neck)
Wands
 s - a wand of lightning (11)
 x - a wand of paralysis (11)
Scrolls
 h - 2 scrolls of recharging
 j - a scroll of remove curse
 l - a scroll of identify
 q - a scroll of teleportation
Potions
 g - 2 potions of curing
 k - a potion of heal wounds
 n - 2 potions of degeneration {unknown}
 r - a potion of resistance {unknown}
Comestibles
 e - 4 bread rations
 f - 2 beef jerkies
 i - 6 meat rations
 m - 2 fruits
 t - a royal jelly
 u - 6 chunks of flesh


   Skills:
 + Level 4.8 Fighting
 + Level 3.0 Staves
 - Level 4.3 Crossbows
 + Level 2.3 Armour
 - Level 2.2 Dodging
 - Level 0.5 Stealth


You had 5 spell levels left.
You didn't know any spells.

Dungeon Overview and Level Annotations

Branches:
Dungeon (4/15)
 Temple: D:4-7

Altars:
Makhleb
Trog
The Shining One

Annotations:
D:4 Dowan


Innate Abilities, Weirdness & Mutations

You have hooves in place of feet.
Armour fits poorly on your strangely shaped body.
You cover ground very quickly.
You have extremely tough skin (AC +3).


Message History

Duvessa closely misses you. Dowan hits you but does no damage.
Duvessa hits you but does no damage.
Your scale mail prevents you from hitting Duvessa.
You kick Duvessa, but do no damage.
Duvessa is almost dead.
Duvessa closely misses you. Dowan closely misses you.
You hit Duvessa.
You kill Duvessa!
Dowan screams, "No!
No!"
Dowan seems to find hidden reserves of power!
Your Staves skill increases to level 3!
Dowan casts a spell at you. The stone arrow hits you!
* * * LOW HITPOINT WARNING * * *
Dowan gestures wildly while chanting.
Dowan blinks!
Dowan says, "Magic will overcome all!"
Dowan gestures at you while chanting. The shard of ice hits you!
You die...

.........#####..#
####.#..........#
########..## .# #.## #.#
#)# #.# #.# #.# #.#
#####(#####
#.#######..........
#.####.#@.).........###
....................)..#
##......#.###.#.###..#.#
........e.# ###.#
#..#.## ########..# #.#
#.....# ...# #.#
##.#.e## #...# #.#
#.#...e ..... #.#
#.##.## .. ... ..##.#


You could see Dowan.

Vanquished Creatures
  Eustachio (D:4)
  Duvessa (D:4)
  A centaur skeleton (D:4)
  A hound (D:4)
  A worker ant (D:3)
  6 adders
  2 oozes
  3 worms
  3 giant geckos
  An orc (D:4)
  4 giant cockroaches (D:2)
  8 hobgoblins
  9 kobolds
  A quokka (D:3)
  6 bats
  3 giant newts
  12 goblins
  20 rats
83 creatures vanquished.

Notes
Turn   | Place    | Note
--------------------------------------------------------------
     0 | D:1      | Kloppie the Centaur Hunter began the quest for the Orb.
     0 | D:1      | Reached XP level 1. HP: 17/17 MP: 1/1
   144 | D:1      | Reached XP level 2. HP: 18/25 MP: 2/2
   986 | D:1      | Reached XP level 3. HP: 27/30 MP: 3/3
  1976 | D:2      | Reached skill level 1 in Staves
  1976 | D:2      | Reached XP level 4. HP: 38/38 MP: 4/4
  2709 | D:3      | Found a bloodstained altar of Trog.
  2933 | D:3      | Found a glowing golden altar of the Shining One.
  3271 | D:3      | Reached skill level 1 in Armour
  3271 | D:3      | Reached XP level 5. HP: 21/46 MP: 5/5
  3542 | D:4      | Found a burning altar of Makhleb.
  3654 | D:4      | Noticed Eustachio
  3668 | D:4      | Killed Eustachio
  3668 | D:4      | Reached XP level 6. HP: 42/53 MP: 6/6
  3698 | D:4      | Noticed Duvessa
  3699 | D:4      | Noticed Dowan
  3734 | D:4      | Killed Duvessa
  3735 | D:4      | Killed from afar by Dowan

Action                   |  1- 3 |  4- 6 || total
-------------------------+-------+-------++-------
Melee: Short sword       |    85 |       ||    85
       Spear             |    15 |       ||    15
       Quarterstaff      |    55 |   145 ||   200
 Fire: Hand crossbow     |     4 |       ||     4
Evoke: Wand              |       |     1 ||     1
  Use: Scroll            |     3 |     7 ||    10
 Stab: Paralysed         |       |    11 ||    11
  Eat: Chunk             |     3 |     4 ||     7
